 Dungeon Crawl Stone Soup version 0.25.0-11-g1f837a76a1 (webtiles) character file.

Game seed: 7881128235162774675

128 Delamore the Skirmisher (level 5, -9/34 HPs)
             Began as a Gargoyle Fighter on June 27, 2020.
             Mangled by an orc
             ... wielding a +1 hand axe of distortion
              (19 damage)
             ... on level 2 of the Dungeon.
             The game lasted 00:02:16 (2059 turns).

Delamore the Skirmisher (Gargoyle Fighter)          Turns: 2059, Time: 00:02:17

Health: -9/34      AC: 14    Str: 21    XL:     5   Next: 12%
Magic:  5/5        EV:  7    Int:  8    God:
Gold:   98         SH:  9    Dex:  9    Spells: 4/4 levels left

rFire    . . .     SeeInvis .   l - +0 whip
rCold    . . .     Gourm    .   c - +0 kite shield
rNeg     + . .     Faith    .   b - +0 scale mail
rPois    ∞         Spirit   .   (no helmet)
rElec    +         Reflect  .   g - +0 cloak
rCorr    .         Harm     .   e - +0 pair of gloves
MR       .....                  r - +0 pair of boots
Stlth    ..........             (no amulet)
HPRegen  0.11/turn              (no ring)
MPRegen  0.09/turn              (no ring)

@: no status effects
A: negative energy resistance 1, electricity resistance, unbreathing,
petrification resistance, rot immunity, AC +4
a: no special abilities


You were on level 2 of the Dungeon.
You were not hungry.

You visited 1 branch of the dungeon, and saw 3 of its levels.

You collected 98 gold pieces.

Inventory:

Hand Weapons
 a - a +0 flail
 l - a +0 whip (weapon)
Missiles
 s - 13 poisoned darts (quivered)
Armour
 b - a +0 scale mail (worn)
 c - a +0 kite shield (worn)
 e - a +0 pair of gloves (worn)
 g - a +0 cloak (worn)
 r - a +0 pair of boots (worn)
Jewellery
 m - a +6 ring of dexterity {unknown}
Wands
 q - a wand of acid (9)
Scrolls
 h - a scroll of teleportation {unknown}
 j - 4 scrolls of enchant armour {unknown}
 n - 4 scrolls of identify {unknown}
Potions
 d - a potion of might
 k - 2 potions of curing {unknown}
 o - 2 potions of heal wounds {unknown}
 p - a potion of lignification {unknown}
Comestibles
 f - 6 rations
 i - 3 chunks of flesh


   Skills:
 + Level 4.6 Fighting
 + Level 4.1 Maces & Flails
 - Level 3.2 Armour
 - Level 3.2 Shields


You had 4 spell levels left.
You didn't know any spells.
Your spell library was empty.

Dungeon Overview and Level Annotations

Branches:
Dungeon (3/15)

Altars:
Elyvilon
Gozag


Innate Abilities, Weirdness & Mutations

You are resistant to torment.
Your stone body is resilient. (AC +4)
You are immune to poison.
You resist negative energy. (rN+)
You are resistant to electric shocks. (rElec)
You can survive without breathing.
You are immune to petrification.
You are immune to rotting.


Message History

Space warps horribly around you!
You are too injured to fight recklessly!
You are too injured to fight recklessly!
You hit the orc but do no damage.
Okay, then.
Press: ? - help, v - describe, . - travel The floor.
Some of the chunks of flesh in your inventory have rotted away.
The orc hits you but does no damage. Space warps horribly around you.
* * * LOW HITPOINT WARNING * * *
There is a stone staircase leading up here.
You block the orc's attack.
You climb upwards.
Some of the chunks of flesh in your inventory have rotted away.
There is a stone staircase leading down here.
You hit the orc.
The orc is severely wounded.
The orc hits you but does no damage. Space warps horribly around you!!
Ouch! That really hurt!
You die...

.............................#.#
####.....####...........)......#
#.....# #..###########...#.##
#####.####<.###### #.>......)#
########............#
#.......<.#
.........####.>####.#
#.........# ########.# #..# #.#
##.......## #.# #..####.#
#.#...#.# ## #.# #...@##.#
#.#...#.# .# #.####.##o##.#
#.##.##.# .# #(##...##.##.#
#.##.##.# .# #.......#.##.#
#.##.##.# .# #..........#.#
#.##.##.# .# #..........#.#
#.##.##.# .#
#..^.........####.##.##.# .#
#.............)......##.# .#
#..........######.#####.#


You could see an orc.

Vanquished Creatures
  4 gnolls
  4 adders
  3 dart slugs
  A worm (D:2)
  A leopard gecko (D:2)
  7 giant cockroaches
  3 goblins
  7 hobgoblins
  2 kobolds
  A quokka (D:2)
  9 bats
  2 frilled lizards
  3 rats
47 creatures vanquished.

Notes
Turn   | Place    | Note
-------+----------+-------------------------------------------
     0 | D:1      | Delamore the Gargoyle Fighter began the quest for the Orb.
     0 | D:1      | Reached XP level 1. HP: 14/14 MP: 1/1
   172 | D:1      | Reached XP level 2. HP: 19/19 MP: 2/2
   704 | D:2      | Found a white marble altar of Elyvilon.
   709 | D:2      | Reached XP level 3. HP: 23/23 MP: 3/3
  1062 | D:2      | Reached XP level 4. HP: 19/29 MP: 4/4
  1428 | D:2      | Found an opulent altar of Gozag.
  1863 | D:3      | Reached XP level 5. HP: 34/34 MP: 5/5
  2059 | D:2      | Mangled by an orc

Illustrated notes

Levels and vault maps discovered:
D:1:      lemuel_arrival_lava_pool, layout_loops_ring, minmay_misc_feat_room,
          minmay_misc_feat_diagonals, hangedman_decor_riveting,
          grunt_decor_arrowhead
D:2:      layout_loops_ring, elyvilon_altar_5, nicolae_gozag_seed_capital,
          first_ration
D:3:      layout_rooms, nemelex_altar_shiori

Skill      XL: |  1  2  3  4 |
---------------+-------------+-----
Maces & Flails | 3 4 |  4.1
Fighting       | 4 |  4.6
Armour         | |  3.2
Shields        | |  3.2

Action                   |  1- 3 |  4- 6 || total
-------------------------+-------+-------++-------
Melee: Flail             |    20 |       ||    20
       Whip              |    84 |   129 ||   213
Throw: Dart              |       |     6 ||     6
  Eat: Chunk             |     1 |     3 ||     4
Armor: Scale mail        |    61 |    56 ||   117
Dodge: Dodged            |    33 |    26 ||    59
Block: Kite shield       |    63 |    73 ||   136
